 Dungeon Crawl Stone Soup version 0.20.1-1-g8b1a95d (webtiles) character file.

672 Llamajah the Shield-Bearer (level 7, -4/56 HPs)
             Began as a Formicid Fighter on Aug 28, 2017.
             Was an Initiate of Okawaru.
             Slain by a spriggan baker
             ... wielding a +0 dagger
              (6 damage)
             ... on level 7 of the Dungeon.
             The game lasted 00:11:03 (2620 turns).

Llamajah the Shield-Bearer (Formicid Fighter)       Turns: 2620, Time: 00:11:03

Health: -4/56      AC: 16    Str: 23    XL:     7   Next: 90%
Magic:  7/7        EV:  7    Int:  7    God:    Okawaru [......]
Gold:   189        SH: 10    Dex: 10    Spells: 6/6 levels left

rFire    . . .     SeeInvis +   a - +0 flail
rCold    + . .     Gourm    .   c - +0 shield
rNeg     . . .     Faith    .   r - +0 chain mail
rPois    .         Spirit   .   (helmet unavailable)
rElec    .         Reflect  .   (no cloak)
rCorr    .         Harm     .   u - +2 pair of gloves
MR       .....                  (no boots)
Stlth    ..........             (no amulet)
Regen    0.2/turn               m - ring of protection from cold
MPRegen  0.1/turn               (no ring)

@: no status effects
A: permanent stasis, dig shafts and tunnels, four strong arms, antennae 3, slimy
green scales 2
a: Dig, Shaft Self, Renounce Religion


You were on level 7 of the Dungeon.
You worshipped Okawaru.
Okawaru was noncommittal.
You were very hungry.

You visited 2 branches of the dungeon, and saw 6 of its levels.

You collected 189 gold pieces.

Inventory:

Hand Weapons
 a - a +0 flail (weapon)
 o - a +0 hunting sling
Armour
 c - a +0 shield (worn)
 r - a +0 chain mail (worn)
 u - a +2 pair of gloves (worn)
Jewellery
 m - a ring of protection from cold (left hand)
Scrolls
 e - a scroll of immolation {unknown}
 g - 2 scrolls of identify {unknown}
 i - a scroll of amnesia {unknown}
 j - a scroll of recharging {unknown}
 k - 3 scrolls of teleportation {unknown}
 q - a scroll of remove curse {unknown}
 x - 2 scrolls of fog {unknown}
Potions
 n - 2 potions of mutation
 w - a potion of haste
Comestibles
 f - 5 bread rations
 t - a meat ration
 z - 2 chunks of flesh


   Skills:
 * Level 5.1 Fighting
 * Level 4.0 Maces & Flails
 + Level 1.9 Slings
 * Level 5.2 Armour
 + Level 2.0 Dodging
 * Level 5.6 Shields


You had 6 spell levels left.
You didn't know any spells.

Dungeon Overview and Level Annotations

Branches:
Dungeon (5/15)             Temple (1/1) D:5

Altars:
Gozag
Okawaru
Qazlal

Shops:
D:2 *

Annotations:
D:7 Dowan, Duvessa, Menkaure


Innate Abilities, Weirdness & Mutations

You cannot be hasted, slowed, berserked, paralysed or teleported.
You can dig through walls and to a lower floor.
Your four strong arms can wield two-handed weapons with a shield.
You have a pair of large antennae on your head. (SInv)
You are mostly covered in slimy green scales. (AC +3)


Message History

The spriggan baker is severely wounded.
The spriggan baker hits you with a dagger.
* * * LOW HITPOINT WARNING * * *
You barely miss the spriggan baker.
The spriggan baker is severely wounded.
You block the spriggan baker's attack.
You closely miss the spriggan baker.
The spriggan baker is severely wounded.
The spriggan baker hits you with a dagger.
* * * LOW HITPOINT WARNING * * *
The spriggan baker hits you but does no damage.
You miss the spriggan baker.
The spriggan baker is severely wounded.
The spriggan baker barely misses you.
You barely miss the spriggan baker.
The spriggan baker is severely wounded.
Menkaure calls on the powers of darkness!
The spriggan baker convulses!
You feel a surge of unholy energy.
The spriggan baker hits you with a dagger.
You die...

#########
##...#...##
##.).......#######
#.............Mi@#
............######
............#
...........##
..........##
....#.#####
......# ......#
....###


You could see a spriggan baker and Menkaure.

Vanquished Creatures
  A phantom (D:5)
  A black bear (D:7)
  2 ogres
  A centaur (D:7)
  3 crimson imps
  An iguana (D:7)
  2 orc wizards
  An adder (D:5)
  A shadow imp (D:5)
  A worm (D:5)
  2 dart slugs
  A leopard gecko (D:5)
  5 orcs
  4 giant cockroaches
  3 goblins
  9 hobgoblins
  5 jackals (D:2)
  A quokka (D:3)
  8 bats
  7 frilled lizards
  3 kobolds
  9 rats
71 creatures vanquished.

Notes
Turn   | Place    | Note
-------+----------+-------------------------------------------
     0 | D:1      | Llamajah the Formicid Fighter began the quest for the Orb.
     0 | D:1      | Reached XP level 1. HP: 18/18 MP: 1/1
   173 | D:1      | Reached XP level 2. HP: 21/24 MP: 2/2
   322 | D:1      | Reached XP level 3. HP: 29/29 MP: 3/3
   901 | D:2      | Found an opulent altar of Gozag.
   952 | D:2      | Found Gozag's Platinum Reserve.
  1106 | D:2      | Reached XP level 4. HP: 35/37 MP: 4/4
  1330 | D:3      | You fall through a shaft for 2 floors!
  1330 | D:5      | Entered Level 5 of the Dungeon
  1405 | D:5      | Reached XP level 5. HP: 34/42 MP: 5/5
  1504 | D:5      | Reached skill level 1 in Dodging
  1593 | D:5      | Found a stormy altar of Qazlal.
  1873 | D:5      | Noticed an ogre
  1880 | D:5      | Killed an ogre
  1880 | D:5      | Reached XP level 6. HP: 48/49 MP: 6/6
  1885 | D:5      | Reached skill level 1 in Slings
  1969 | D:5      | Noticed a phantom
  1999 | D:5      | Killed a phantom
  1999 | D:5      | Reached skill level 5 in Shields
  2058 | D:5      | Found a staircase to the Ecumenical Temple.
  2072 | Temple   | Entered the Ecumenical Temple
  2105 | Temple   | Became a worshipper of Warmaster Okawaru
  2145 | D:5      | You fall through a shaft for 2 floors!
  2165 | D:7      | Noticed a black bear
  2167 | D:7      | Noticed an ogre
  2178 | D:7      | Killed an ogre
  2178 | D:7      | Reached XP level 7. HP: 13/55 MP: 7/7
  2187 | D:7      | Gained mutation: You are partially covered in slimy green scales. (AC +2) [potion of mutation]
  2187 | D:7      | Gained mutation: You are mostly covered in slimy green scales. (AC +3) [potion of mutation]
  2257 | D:7      | Reached skill level 5 in Fighting
  2257 | D:7      | Reached skill level 5 in Armour
  2526 | D:7      | Noticed Duvessa
  2526 | D:7      | Noticed Dowan
  2540 | D:7      | Noticed Menkaure
  2562 | D:7      | Noticed a spriggan baker
  2605 | D:7      | HP: 1/56 [spriggan baker/dagger (2)]
  2618 | D:7      | HP: 2/56 [spriggan baker/dagger (5)]
  2620 | D:7      | Slain by a spriggan baker

Skill      XL: |  1  2  3  4  5  6  7 |
---------------+----------------------+-----
Fighting       | 4 5 |  5.1
Shields        | 4 5 |  5.6
Maces & Flails | 3 4 |  4.0
Armour         | 4 5 |  5.2
Dodging        | 1 2 |  2.0
Slings         | 1 |  1.9

Action                   |  1- 3 |  4- 6 |  7- 9 || total
-------------------------+-------+-------+-------++-------
Melee: Flail             |   138 |   136 |    65 ||   339
 Abil: Dig               |       |     3 |     2 ||     5
  Use: Potion            |       |     2 |     9 ||    11
  Eat: Chunk             |     1 |     4 |     1 ||     6
Armor: Scale mail        |    89 |       |       ||    89
       Chain mail        |    15 |    71 |    69 ||   155
Dodge: Dodged            |    60 |    31 |    20 ||   111
Block: Shield            |    98 |    66 |    52 ||   216
